 Dungeon Crawl Stone Soup version 0.29.1-1-gd02db6906a (webtiles) character file.

Game seed: 10739194028916633685

0 101zpm the Magician (level 1, -1/15 HPs)
             Began as a Djinni Fire Elementalist on Oct 3, 2022.
             Slain by a kobold
             ... wielding a +0 whip
              (2 damage)
             ... on level 2 of the Dungeon.
             The game lasted 00:00:30 (77 turns).

101zpm the Magician (Djinni Fire Elementalist)        Turns: 77, Time: 00:00:31

Health: -1/15      AC:  2    Str:  7    XL:     1   Next: 0%
Gold:   0          EV: 12    Int: 16    God:
                   SH:  0    Dex: 13

rFire   + + .      SeeInvis .   (no weapon)
rCold   x . .      Faith    .   (no shield)
rNeg    . . .      Spirit   .   a - +0 robe
rPois   ∞          Reflect  .   (no helmet)
rElec   .          Harm     .   (no cloak)
rCorr   .          Rampage  .   (no gloves)
Will    .....                   (boots unavailable)
Stlth   ++........              (no amulet)
HPRegen 0.05/turn               (no ring)
MPRegen 0.00/turn               (no ring)

@: flying
A: sickness immunity, fire resistance 2, cold vulnerability 1, float, innate
caster, HP casting, extra vitality 1
a: no special abilities


You were on level 2 of the Dungeon.
You visited 1 branch of the dungeon, and saw 2 of its levels.

Inventory:

Armour
 a - a +0 robe (worn)
Potions
 b - a potion of degeneration {unknown}


   Skills:
 + Level 2.1 Dodging
 + Level 1.5 Stealth
 + Level 2.4 Spellcasting


You couldn't memorise any spells.
You knew the following spells:

 Your Spells              Type           Power      Damage    Failure   Level
a - Foxfire               Conj/Fire      36%        2x1d5     8%          1
b - Scorch                Fire           18%        2d5       11%         2
c - Conjure Flame         Conj/Fire      9%         6-21      22%         3
d - Inner Flame           Hex/Fire       9%         N/A       22%         3
e - Flame Wave            Conj/Fire      9%         2d6       58%         4
Your spell library was empty.

Dungeon Overview and Level Annotations

Branches:
Dungeon (1/15)

Altars:


Innate Abilities, Weirdness & Mutations

You are immune to sickness and miasma.
You are immune to poison.
Your flesh is very heat resistant. (rF++)
You are vulnerable to cold. (rC-)
You float through the air rather than walking.
You learn spells naturally, not from books.
Your magical power is your life essence.
You have superior vitality. (+4 MHP)


Message History

Welcome, 101zpm the Djinni Fire Elementalist.
If you return without finding the Orb of Zot, so far below, it's all over!
Press ? for a list of commands and other information.
Found a staircase leading out of the dungeon.
You begin with the following spells memorised: Foxfire, Scorch, Conjure Flame, Inner Flame, Flame Wave.
You conjure some foxfire!
Your foxfire dissipates!
Your foxfire dissipates!
HP restored.
Found a book of Minor Magic.
b - a yellow potion A ball python comes into view.
You conjure some foxfire!
A ball python is nearby!
Your foxfire dissipates!
A sourceless malevolence fills the Dungeon...
You are sucked into a shaft and drop 1 floor!
The shaft crumbles and collapses.
HP restored.
A kobold comes into view. It is wielding a +0 whip.
You conjure some foxfire!
The kobold barely misses you.
You conjure some foxfire!
The foxfire hits the kobold.
The kobold is moderately wounded.
The kobold hits you with a +0 whip.
You conjure some foxfire!
The kobold hits you with a +0 whip.
* * * LOW HITPOINT WARNING * * *
Your foxfire dissipates!
A kobold is nearby!
The kobold attacks as you move away! The kobold hits you with a +0 whip.
* * * LOW HITPOINT WARNING * * *
You are too injured to fight recklessly!
You don't have enough health to cast this spell.
You don't have enough health to cast this spell.
The kobold attacks as you move away! The kobold hits you with a +0 whip.
You die...

.## ..# ..#
#.. .. #.# ..
### #.# .#
...##.## ###.#
#.#...###.#v#
#......#.#§v#
##...@K..###§#
#.........#
#§.
##.......##
.## ##.....#.#
# ##...###.#
##.## ## ###


You could see a kobold.

Vanquished Creatures (others)
  3 foxfires
3 creatures vanquished.

Notes
Turn   | Place    | Note
-------+----------+-------------------------------------------
     0 | D:1      | 101zpm the Djinni Fire Elementalist began the quest for the
                  | Orb.
     0 | D:1      | 101zpm set off with the following spells memorised:
                  | Foxfire, Scorch, Conjure Flame, Inner Flame, Flame Wave.
     0 | D:1      | Reached XP level 1. HP: 15/15 MP: 0/0
    49 | D:1      | You are sucked into a shaft and drop 1 floor!
    77 | D:2      | Slain by a kobold

Illustrated notes

Levels and vault maps discovered:
D:1:      spicycebolla_green_bress_n_ham, layout_loops_corners,
          ebering_ecumenical_altar_petrified
D:2:      layout_loops_ring, serial_glass, glass_columns_b, glass_columns_c,
          kennysheep_generic_room_3, uniq_natasha

Action                   || total
-------------------------++-------
 Cast: Foxfire           ||     5
Dodge: Dodged            ||     1
